 Dungeon Crawl Stone Soup version 0.22.0-36-g8e74550 (webtiles) character file.

11288 Lew the Fighter (level 11, -11/133 HPs)
             Began as a Gnoll Abyssal Knight on Aug 24, 2018.
             Was a Priest of Lugonu.
             Mangled by Donald
             ... wielding a +1 long sword of electrocution
              (13 damage)
             ... on level 2 of the Orcish Mines.
             The game lasted 00:40:07 (12222 turns).

Lew the Fighter (Gnoll Abyssal Knight)             Turns: 12222, Time: 00:40:08

Health: -11/133    AC: 24    Str: 23      XL:     11   Next: 75%
Magic:  29/29      EV: 15    Int: 14 (15) God:    Lugonu [***...]
Gold:   720        SH:  5    Dex: 14      Spells: 22/22 levels left

rFire    . . .     SeeInvis .   i - +2 falchion (distort)
rCold    . . .     Gourm    .   I - +0 buckler
rNeg     . . .     Faith    .   e - quicksilver dragon scales
rPois    .         Spirit   .   (helmet restricted)
rElec    .         Reflect  .   C - +2 cloak
rCorr    .         Harm     .   n - +2 pair of gloves
MR       +....     Rnd*Rage +   v - +2 pair of boots
Stlth    ..........             z - amulet of regeneration
HPRegen  0.72/turn              f - ring of magical power
MPRegen  0.21/turn              H - ring of stealth

@: berserking (expiring), very quick
A: distributed training, fangs 1, horns 1, slimy green scales 1, berserk 1,
deterioration 1, strong nose
a: Depart the Abyss, Bend Space, Banish, Renounce Religion


You were on level 2 of the Orcish Mines.
You worshipped Lugonu.
Lugonu was most pleased with you.
You were not hungry.

You visited 2 branches of the dungeon, and saw 13 of its levels.
You visited the Abyss 2 times.
You also visited: Bailey.

You collected 986 gold pieces.
You spent 266 gold pieces at shops.

Inventory:

Hand Weapons
 a - a +3 hand axe of venom
 i - a +2 falchion of distortion (weapon)
Armour
 e - quicksilver dragon scales (worn)
 l - the +0 pair of gloves of Death Resistance {+Blink +Fly Dex-3}
   (You bought it in a shop on level 1 of the Orcish Mines)

   It affects your dexterity (-3).
   It lets you fly.
   It lets you blink.
 n - a +2 pair of gloves (worn)
 t - a +2 helmet
 v - a +2 pair of boots (worn)
 C - a +2 cloak (worn)
 I - a +0 buckler (worn)
Jewellery
 f - a ring of magical power (left hand)
 j - the amulet "Dynatog" {Harm *Corrode *Drain rElec Dex+4}
   (You found it on level 4 of the Dungeon)

   [amulet of harm]

   It increases damage dealt and taken.
   It affects your dexterity (+4).
   It insulates you from electricity.
   It may corrode you when you take damage.
   It causes draining when unequipped.
 q - a +4 amulet of reflection
 z - an amulet of regeneration (around neck)
 H - a ring of stealth (right hand)
Wands
 d - a wand of random effects (26)
 k - a wand of digging (10)
 m - a wand of disintegration (7)
 o - a wand of flame (60)
 p - a wand of scattershot (1)
 A - a wand of paralysis (17)
 L - a wand of acid (8)
Scrolls
 b - 2 scrolls of remove curse
 u - 3 scrolls of teleportation
 w - a scroll of holy word
 x - a scroll of fear
 y - 3 scrolls of amnesia
 D - 3 scrolls of enchant weapon
Potions
 g - 3 potions of ambrosia
 B - 4 potions of curing
 F - a potion of lignification
 K - a potion of agility
 M - a potion of flight
Comestibles
 c - 17 rations


   Skills:
 + Level 9.3 Fighting
 + Level 6.4 Short Blades
 + Level 6.4 Long Blades
 + Level 8.0 Axes
 + Level 6.4 Maces & Flails
 + Level 6.4 Polearms
 + Level 6.4 Staves
 + Level 6.4 Slings
 + Level 6.4 Bows
 + Level 6.4 Crossbows
 + Level 6.4 Throwing
 + Level 8.0 Armour
 + Level 7.0 Dodging
 + Level 6.4 Stealth
 + Level 6.4 Shields
 + Level 6.4 Unarmed Combat
 + Level 6.4 Spellcasting
 + Level 5.3 Conjurations
 + Level 5.3 Hexes
 + Level 5.3 Charms
 + Level 5.3 Summonings
 + Level 5.3 Necromancy
 + Level 5.3 Translocations
 + Level 5.3 Transmutations
 + Level 5.3 Fire Magic
 + Level 5.3 Ice Magic
 + Level 5.3 Air Magic
 + Level 5.3 Earth Magic
 + Level 5.3 Poison Magic
 + Level 8.5 Invocations
 + Level 6.4 Evocations


You had 22 spell levels left.
You didn't know any spells.
Your spell library contained the following spells:

 Spells                   Type           Power        Failure   Level  Hunger
 Sandblast                Erth           ###...       2%          1    None
 Passwall                 Tmut/Erth      ###.....     3%          2    #......
 Stone Arrow              Conj/Erth      ###...       8%          3    ##.....
 Petrify                  Tmut/Erth      ###.....     24%         4    ####...
 Lee's Rapid Deconstruct  Erth           ###.......   56%         5    ######.


Dungeon Overview and Level Annotations

Branches:
Dungeon (11/15)            Temple (0/1) D:5             Orc (2/2) D:10
   Lair: D:8-11         Elf: Orc:2

Altars:
Ashenzari
Gozag
Hepliaklqana
Kikubaaqudgha
Trog
Wu Jian
Xom

Shops:
Orc:1 [

Annotations:
D:4 corrupted
D:9 Psyche
Orc:2 Donald


Innate Abilities, Weirdness & Mutations

Your experience applies equally to all skills.
You have very sharp teeth.
Your uncanny sense of smell can sniff out nearby items.
You have a pair of small horns on your head.
You are partially covered in slimy green scales. (AC +2)
You tend to lose your temper in combat.
Your body sometimes deteriorates upon taking damage.


Message History

* * * LOW HITPOINT WARNING * * *
Donald blocks your attack.
Donald is severely wounded.
Donald hits you with a long sword of electrocution!
* * * LOW HITPOINT WARNING * * *
You are too berserk!
You are too berserk!
You are too berserk!
Donald blocks your attack.
You headbutt Donald, but do no damage.
Donald is severely wounded.
Donald says, "Is it turtles all the way down?"
Donald barely misses you.
Donald blocks your attack. x2; Your bite misses Donald.
Donald is severely wounded.
Wield which item (- for none, * to show all)? (? for menu, Esc to quit)
Your +3 hand axe of venom stops dripping with poison.
Space warps around you for a moment!
i - a +2 falchion of distortion (weapon)
Donald hits you but does no damage.
You are electrocuted!
You die...

.......$..$ ..##
#.........##...##
....#...........#
............$..#.
...........).....
....#............
.....$..)......#.
.........@)......
#.####.<.@....<..
##..........
##......#.. ∆ ∆
#.......#. ∆ ∆∆
#......#..
#......# .
#....... .###...


You could see Donald.

Vanquished Creatures
  Erica (D:10)
  A two-headed ogre (D:9)
  Pikel (D:7)
  3 orc knights (Bailey)
  A troll (D:9)
  Prince Ribbit (D:6)
  Grinder (D:3)
  A hippogriff (D:10)
  Sigmund (D:5)
  A spriggan (D:7)
  Eustachio (D:5)
  2 wyverns (D:8)
  A steam dragon (D:9)
  Grum (D:9)
  A water moccasin (D:7)
  15 orc warriors
  An ice beast (D:5)
  4 slaves (D:7)
  A sky beast (D:6)
  2 black bears (D:7)
  5 ogres
  A phantom (D:7)
  2 wolves (D:9)
  5 centaurs
  3 big kobolds
  3 bullfrogs
  A gnoll sergeant (D:10)
  Blork the orc (D:6)
  5 scorpions
  4 killer bees
  2 howler monkeys (D:9)
  2 crimson imps
  3 hounds
  3 jellies
  4 orc priests
  2 bullfrog skeletons
  A centaur skeleton (D:5)
  3 iguanas
  8 orc wizards
  Crazy Yiuf (D:7)
  Ijyb (D:4)
  11 worker ants
  A hound zombie (D:6)
  2 hound skeletons
  21 gnolls
  15 adders
  2 howler monkey skeletons
  A shadow imp (D:5)
  2 oozes
  An adder skeleton (D:5)
  3 worms
  2 dart slugs (D:3)
  5 leopard geckos
  57 orcs
  10 giant cockroaches
  42 goblins
  29 hobgoblins
  15 jackals
  5 quokkas
  13 bats
  5 frilled lizards
  A jackal skeleton (D:6)
  A jackal zombie (D:6)
  9 kobolds
  A quokka zombie (D:7)
  9 rats
364 creatures vanquished.

Vanquished Creatures (collateral kills)
  A great orb of eyes (shapeshifter) (Abyss:4)
  A guardian serpent (shapeshifter) (Abyss:4)
2 creatures vanquished.

Vanquished Creatures (others)
  An orc knight (Bailey)
  A jackal (D:5)
2 creatures vanquished.

Grand Total: 368 creatures vanquished

Notes
Turn   | Place    | Note
-------+----------+-------------------------------------------
     0 | Abyss:1  | Lew the Gnoll Abyssal Knight began the quest for the Orb.
     0 | Abyss:1  | Reached XP level 1. HP: 23/23 MP: 3/3
    39 | Abyss:1  | Found a corrupted altar of Lugonu.
   108 | Abyss:2  | Found a corrupted altar of Lugonu.
   131 | Abyss:2  | Noticed a rakshasa
   134 | Abyss:3  | Found a corrupted altar of Lugonu.
   157 | D:1      | Escaped the Abyss
   281 | D:1      | Reached XP level 2. HP: 29/29 MP: 5/5
   331 | D:1      | Reached * piety under Lugonu
   480 | D:1      | Reached XP level 3. HP: 35/35 MP: 6/6
   799 | D:2      | Found a shattered altar of Ashenzari.
   928 | D:2      | Reached skill level 1 in Short Blades
   928 | D:2      | Reached skill level 1 in Long Blades
   928 | D:2      | Reached skill level 1 in Maces & Flails
   928 | D:2      | Reached skill level 1 in Polearms
   928 | D:2      | Reached skill level 1 in Staves
   928 | D:2      | Reached skill level 1 in Slings
   928 | D:2      | Reached skill level 1 in Bows
   928 | D:2      | Reached skill level 1 in Crossbows
   928 | D:2      | Reached skill level 1 in Throwing
   928 | D:2      | Reached skill level 1 in Stealth
   928 | D:2      | Reached skill level 1 in Shields
   928 | D:2      | Reached skill level 1 in Unarmed Combat
   928 | D:2      | Reached skill level 1 in Spellcasting
   928 | D:2      | Reached skill level 1 in Evocations
   958 | D:2      | Reached XP level 4. HP: 41/41 MP: 7/7
  1074 | D:2      | Found a bloodstained altar of Trog.
  1082 | D:2      | Reached ** piety under Lugonu
  1082 | D:2      | Reached skill level 1 in Conjurations
  1082 | D:2      | Reached skill level 1 in Hexes
  1082 | D:2      | Reached skill level 1 in Charms
  1082 | D:2      | Reached skill level 1 in Summonings
  1082 | D:2      | Reached skill level 1 in Necromancy
  1082 | D:2      | Reached skill level 1 in Translocations
  1082 | D:2      | Reached skill level 1 in Transmutations
  1082 | D:2      | Reached skill level 1 in Fire Magic
  1082 | D:2      | Reached skill level 1 in Ice Magic
  1082 | D:2      | Reached skill level 1 in Air Magic
  1082 | D:2      | Reached skill level 1 in Earth Magic
  1082 | D:2      | Reached skill level 1 in Poison Magic
  1242 | D:2      | 1
  1260 | D:3      | Found an ornate altar of the Wu Jian Council.
  1260 | D:3      | Noticed Grinder
  1264 | D:3      | Paralysed by Grinder for 3 turns
  1283 | D:3      | Paralysed by Grinder for 6 turns
  1291 | D:3      | Killed Grinder
  1291 | D:3      | Reached skill level 5 in Invocations
  1291 | D:3      | Reached XP level 5. HP: 16/47 MP: 8/8
  1291 | D:3      | Reached XP level 6. HP: 19/53 MP: 9/9
  1521 | D:3      | Reached skill level 5 in Axes
  1521 | D:3      | Reached skill level 5 in Armour
  1592 | D:3      | Found a shattered altar of Ashenzari.
  2228 | D:3      | Reached *** piety under Lugonu
  2298 | D:3      | Reached XP level 7. HP: 54/59 MP: 10/10
  2305 | D:3      | Reached skill level 7 in Fighting
  2413 | D:3      | Reached **** piety under Lugonu
  2823 | D:4      | Gained mutation: You have large cloven feet. [potion of mutation]
  2823 | D:4      | Gained mutation: You expend magic power (3 MP) to strengthen your wands. [potion of mutation]
  2823 | D:4      | Gained mutation: You possess an exceptional clarity of mind. [potion of mutation]
  3122 | D:4      | Got a smoking emerald amulet
  3139 | D:4      | Noticed Ijyb
  3141 | D:4      | Identified the amulet "Dynatog" {Harm *Corrode *Drain rElec Dex+4} (You found it on level 4 of the Dungeon)
  3150 | D:4      | Killed Ijyb
  3176 | D:4      | Found an opulent altar of Gozag.
  3393 | D:4      | Reached XP level 8. HP: 66/67 MP: 12/12
  3998 | D:4      | Corrupted D:4
  3998 | D:4      | Noticed a worldbinder
  3998 | D:4      | Noticed a thrashing horror
  3998 | D:4      | Noticed a raiju
  3999 | D:4      | Noticed a rust devil
  4000 | D:4      | Noticed a raiju
  4102 | D:5      | Entered Level 5 of the Dungeon
  4107 | D:5      | Noticed Eustachio
  4115 | D:5      | Killed Eustachio
  4660 | D:5      | Noticed Sigmund
  4773 | D:5      | Killed Sigmund
  4773 | D:5      | Reached XP level 9. HP: 41/72 MP: 14/14
  5155 | D:5      | Found a staircase to the Ecumenical Temple.
  5625 | D:6      | Noticed Prince Ribbit
  5638 | D:6      | Killed Prince Ribbit
  5710 | D:6      | Noticed Blork the orc
  5718 | D:6      | Killed Blork the orc
  5860 | D:6      | Reached skill level 5 in Dodging
  6040 | D:6      | Found an ancient bone altar of Kikubaaqudgha.
  6040 | D:6      | Found a hazy altar of Hepliaklqana.
  6360 | D:7      | Reached skill level 8 in Fighting
  6553 | D:7      | Found a runed door.
  6593 | D:7      | Noticed Pikel
  6607 | D:7      | Killed Pikel
  6607 | D:7      | Reached XP level 10. HP: 63/80 MP: 17/17
  6817 | D:7      | Reached ***** piety under Lugonu
  6817 | D:7      | Reached skill level 5 in Short Blades
  6817 | D:7      | Reached skill level 5 in Long Blades
  6817 | D:7      | Reached skill level 5 in Maces & Flails
  6817 | D:7      | Reached skill level 5 in Polearms
  6817 | D:7      | Reached skill level 5 in Staves
  6817 | D:7      | Reached skill level 5 in Slings
  6817 | D:7      | Reached skill level 5 in Bows
  6817 | D:7      | Reached skill level 5 in Crossbows
  6817 | D:7      | Reached skill level 5 in Throwing
  6817 | D:7      | Reached skill level 5 in Stealth
  6817 | D:7      | Reached skill level 5 in Shields
  6817 | D:7      | Reached skill level 5 in Unarmed Combat
  6817 | D:7      | Reached skill level 5 in Spellcasting
  6817 | D:7      | Reached skill level 5 in Evocations
  7069 | D:7      | Noticed Crazy Yiuf
  7074 | D:7      | Killed Crazy Yiuf
  8189 | D:9      | Noticed a two-headed ogre
  8247 | D:9      | Killed a two-headed ogre
  8621 | D:9      | Noticed Grum
  8646 | D:9      | Killed Grum
  8704 | D:9      | Found a flagged portal.
  8709 | Bailey   | Entered a bailey
  8904 | Bailey   | Reached XP level 11. HP: 28/87 MP: 19/19
  9229 | Bailey   | Noticed an orc knight
  9234 | Bailey   | Noticed an orc knight
  9242 | Bailey   | Noticed an orc knight
  9242 | Bailey   | Noticed an orc knight
  9274 | Bailey   | Banished an orc knight
  9285 | Bailey   | Killed an orc knight
  9413 | Bailey   | Killed an orc knight
  9413 | Bailey   | Reached skill level 9 in Fighting
  9436 | Bailey   | Killed an orc knight
  9436 | Bailey   | Reached skill level 5 in Conjurations
  9436 | Bailey   | Reached skill level 5 in Hexes
  9436 | Bailey   | Reached skill level 5 in Charms
  9436 | Bailey   | Reached skill level 5 in Summonings
  9436 | Bailey   | Reached skill level 5 in Necromancy
  9436 | Bailey   | Reached skill level 5 in Translocations
  9436 | Bailey   | Reached skill level 5 in Transmutations
  9436 | Bailey   | Reached skill level 5 in Fire Magic
  9436 | Bailey   | Reached skill level 5 in Ice Magic
  9436 | Bailey   | Reached skill level 5 in Air Magic
  9436 | Bailey   | Reached skill level 5 in Earth Magic
  9436 | Bailey   | Reached skill level 5 in Poison Magic
  9823 | D:9      | Noticed Psyche
  9831 | D:9      | Cast into level 2 of the Abyss (Psyche)
  9848 | Abyss:2  | Found a deep blue altar of Sif Muna.
  9894 | Abyss:2  | Noticed a vampire mage
  9925 | Abyss:3  | Noticed a spatial maelstrom
  9938 | Abyss:4  | Noticed a thrashing horror
  9940 | Abyss:4  | Noticed a thrashing horror
  9940 | Abyss:4  | Noticed a thrashing horror
  9940 | Abyss:4  | Noticed a thrashing horror
  9951 | Abyss:4  | Noticed a crystal guardian
  9953 | Abyss:4  | Noticed a crystal guardian
  9954 | Abyss:4  | Noticed a great orb of eyes
  9954 | Abyss:4  | Noticed a great orb of eyes
  9969 | Abyss:4  | Killed a great orb of eyes
  9973 | Abyss:4  | Noticed a hell hog
  9974 | Abyss:4  | Noticed a hell hog
  9976 | Abyss:4  | Noticed a hell hog
  9977 | Abyss:4  | Noticed a bone dragon
  9978 | D:9      | Escaped the Abyss
 10936 | D:10     | Entered Level 10 of the Dungeon
 11049 | D:10     | Noticed Erica
 11070 | D:10     | Killed Erica
 11416 | D:10     | Found a staircase to the Orcish Mines.
 11640 | D:10     | Found a shimmering altar of Xom.
 11879 | D:10     | Lost mutation: You expend magic power (3 MP) to strengthen your wands. [potion of mutation]
 11879 | D:10     | Lost mutation: You have large cloven feet. [potion of mutation]
 11879 | D:10     | Lost mutation: You possess an exceptional clarity of mind. [potion of mutation]
 11879 | D:10     | Gained mutation: You tend to lose your temper in combat. [potion of mutation]
 11879 | D:10     | Gained mutation: Your body sometimes deteriorates upon taking damage. [potion of mutation]
 11879 | D:10     | Gained mutation: You are partially covered in slimy green scales. (AC +2) [potion of mutation]
 11879 | D:10     | Gained mutation: You have a pair of small horns on your head. [potion of mutation]
 11998 | Orc:1    | Entered Level 1 of the Orcish Mines
 12027 | Orc:1    | Found Onnie's Antique Armour Emporium.
 12129 | Orc:1    | Bought a pair of transparent gloves for 266 gold pieces
 12139 | Orc:1    | Identified the +0 pair of gloves of Death Resistance {+Blink +Fly Dex-3} (You bought it in a shop on level 1 of the Orcish Mines)
 12192 | Orc:2    | Entered Level 2 of the Orcish Mines
 12197 | Orc:2    | Noticed Donald
 12219 | Orc:2    | HP: 1/133 [Donald/long sword of electrocution (9)]
 12222 | Orc:2    | Mangled by Donald

Skill      XL: |  1  2  3  4  5  6  7  8  9 10 11 |
---------------+----------------------------------+-----
Short Blades   | 1 2 3 4 5 6 |  6.4
Long Blades    | 1 2 3 4 5 6 |  6.4
Maces & Flails | 1 2 3 4 5 6 |  6.4
Polearms       | 1 2 3 4 5 6 |  6.4
Staves         | 1 2 3 4 5 6 |  6.4
Slings         | 1 2 3 4 5 6 |  6.4
Bows           | 1 2 3 4 5 6 |  6.4
Crossbows      | 1 2 3 4 5 6 |  6.4
Throwing       | 1 2 3 4 5 6 |  6.4
Stealth        | 1 2 3 4 5 6 |  6.4
Shields        | 1 2 3 4 5 6 |  6.4
Unarmed Combat | 1 2 3 4 5 6 |  6.4
Spellcasting   | 1 2 3 4 5 6 |  6.4
Evocations     | 1 2 3 4 5 6 |  6.4
Conjurations   | 1 2 3 4 5 |  5.3
Hexes          | 1 2 3 4 5 |  5.3
Charms         | 1 2 3 4 5 |  5.3
Summonings     | 1 2 3 4 5 |  5.3
Necromancy     | 1 2 3 4 5 |  5.3
Translocations | 1 2 3 4 5 |  5.3
Transmutations | 1 2 3 4 5 |  5.3
Fire Magic     | 1 2 3 4 5 |  5.3
Ice Magic      | 1 2 3 4 5 |  5.3
Air Magic      | 1 2 3 4 5 |  5.3
Earth Magic    | 1 2 3 4 5 |  5.3
Poison Magic   | 1 2 3 4 5 |  5.3
Dodging        | 3 4 5 6 7 |  7.0
Invocations    | 5 6 7 8 |  8.5
Axes           | 5 6 7 8 |  8.0
Armour         | 5 6 7 8 |  8.0
Fighting       | 7 8 9 |  9.3

Action                   |  1- 3 |  4- 6 |  7- 9 | 10-12 || total
-------------------------+-------+-------+-------+-------++-------
Melee: Hand axe          |    89 |   163 |   347 |   416 ||  1015
       Bite              |     8 |    19 |    60 |    46 ||   133
       Kick              |       |       |    29 |       ||    29
       Punch             |       |       |     7 |     7 ||    14
       Falchion          |       |       |    24 |       ||    24
       Headbutt          |       |       |       |     5 ||     5
Invok: Depart the Abyss  |     1 |       |       |     1 ||     2
       Corrupt           |       |       |     1 |       ||     1
       Bend Space        |       |       |       |     5 ||     5
       Banish            |       |       |       |     1 ||     1
Evoke: Wand              |       |       |       |     7 ||     7
  Use: Scroll            |     1 |       |     6 |    24 ||    31
       Potion            |       |       |     8 |    15 ||    23
 Stab: Sleeping          |       |     2 |     6 |     9 ||    17
       Invisible         |       |       |       |     5 ||     5
  Eat: Chunk             |       |     4 |     9 |     2 ||    15
       Ration            |       |       |     2 |     5 ||     7
Armor: Quicksilver drago |    36 |    86 |   171 |   221 ||   514
Dodge: Dodged            |    59 |   116 |   228 |   386 ||   789
Block: Other             |       |       |       |    76 ||    76
       Buckler           |       |       |       |    28 ||    28
       Rpst.: Falchion   |       |       |     5 |       ||     5
